 Dungeon Crawl Stone Soup version 0.18.1-47-g9310371 (webtiles) character file.

7922 sarahorange the Martial Artist (level 11, -2/101 HPs)
             Began as a Minotaur Monk on June 17, 2016.
             Was a Priest of the Shining One.
             Slain by an ettin
             ... wielding a +0 dire flail
              (39 damage)
             ... on level 1 of the Orcish Mines on June 18, 2016.
             The game lasted 01:31:19 (11480 turns).

sarahorange the Martial Artist (Minotaur Monk)     Turns: 11480, Time: 01:31:19

Health: -2/101     AC:  9    Str: 16    XL:     11   Next: 3%
Magic:  13/13      EV: 21    Int:  9    God:    the Shining One [***...]
Gold:   490        SH:  0    Dex: 16    Spells: 2 memorised, 8 levels left

rFire  . . .     SeeInvis .       - Unarmed
rCold  + . .     Gourm    .     B - +3 leather armour
rNeg   + . .     Faith    .     (no shield)
rPois  .         Spirit   .     (helmet restricted)
rElec  .         Dismiss  .     L - +0 cloak
rCorr  .         Reflect  .     a - +0 pair of gloves
SustAt .         Harm     .     (no boots)
MR     .....                    (no amulet)
Stlth  +.........               k - +3 ring of evasion
                                r - ring of protection from cold

@: glowing, not resistant to hostile enchantments, very unstealthy
A: retaliatory headbutt, hooves 1, horns 2, clever 1, evolution 1
a: Divine Shield, Renounce Religion


You were on level 1 of the Orcish Mines.
You worshipped the Shining One.
The Shining One was most pleased with you.
You were hungry.

You visited 3 branches of the dungeon, and saw 11 of its levels.

You collected 490 gold pieces.

Inventory:

Hand Weapons
 v - a +1 flail of protection
 A - a cursed +1 scimitar of freezing
 F - a +2 hunting sling of velocity
 I - a +1 quarterstaff of crushing
Missiles
 u - 2 throwing nets (quivered)
Armour
 a - a +0 pair of gloves (worn)
 B - a +3 leather armour (worn)
 L - a +0 cloak (worn)
Magical Staves
 n - an uncursed staff of summoning
Jewellery
 k - a +3 ring of evasion (right hand)
 r - a ring of protection from cold (left hand)
Wands
 e - a wand of iceblast (9/15)
 i - a wand of digging (1/24)
 p - a wand of polymorph (7/24)
 w - a wand of random effects (17/48)
 y - a wand of lightning (2/15)
 D - a wand of enslavement (7/24)
Scrolls
 o - 3 scrolls of remove curse
 z - a scroll of enchant weapon {unknown}
 C - a scroll of fog
 H - a scroll of recharging
 J - a scroll of teleportation
Potions
 c - a potion of mutation {unknown}
 d - 4 potions of brilliance
 f - a potion of invisibility
 l - a potion of might
 m - 2 potions of ambrosia
 s - a potion of curing
 t - a potion of lignification {unknown}
 x - 2 potions of flight {unknown}
 E - a potion of berserk rage {unknown}
 G - a potion of agility {unknown}
Books
 j - a book of Conjurations

   Spells                             Type                      Level
   a - Magic Dart                     Conjuration                  1
   b - Searing Ray                    Conjuration                  2
   c - Dazzling Spray                 Conjuration/Hexes            3
   d - Fulminant Prism                Conjuration/Hexes            4
   e - Iskenderun's Mystic Blast      Conjuration                  4
   f - Iskenderun's Battlesphere      Conjuration/Charms           5
 q - a book of Party Tricks

   Spells                             Type                      Level
   a - Summon Butterflies             Summoning                    1
   b - Apportation                    Translocation                1
   c - Tukima's Dance                 Hexes                        3
   d - Alistair's Intoxication        Transmutation/Poison         5
   e - Invisibility                   Hexes                        6
Comestibles
 b - 4 bread rations
 g - 2 fruits
 h - 8 meat rations
 K - a beef jerky


   Skills:
 + Level 10.8 Fighting
 + Level 5.8 Armour
 + Level 10.2 Dodging
 + Level 3.4 Stealth
 + Level 10.9 Unarmed Combat
 + Level 4.0 Invocations


You had 8 spell levels left.
You knew the following spells:

 Your Spells              Type           Power        Failure   Level  Hunger
a - Summon Butterflies    Summ           #.......     50%         1    ##.....
b - Magic Dart            Conj           #...         50%         1    ##.....


Dungeon Overview and Level Annotations

Branches:
Dungeon (9/15)             Temple (1/1) D:5             Orc (1/2) D:9
   Lair: D:8-11

Altars:
Ashenzari
Cheibriados
Dithmenos
Elyvilon
Fedhas
Gozag
Kikubaaqudgha
Makhleb
Nemelex Xobeh
Okawaru
Pakellas
Qazlal
Ru
Sif Muna
Trog
Vehumet
Xom
Yredelemnul
Zin
The Shining One
Beogh

Shops:
D:8 [


Innate Abilities, Weirdness & Mutations

You reflexively headbutt those who attack you in melee.
You have a pair of horns on your head.
You have large cloven feet.
Your mind is acute. (Int +2)
You evolve.


Message History

You hit the ettin but do no damage. You kick the ettin, but do no damage.
The ettin is lightly wounded.
You hit the ettin. You kick the ettin, but do no damage.
The ettin is moderately wounded.
The ettin completely misses you. The ettin closely misses you.
You punch the ettin! You kick the ettin, but do no damage.
You headbutt the ettin.
The ettin is moderately wounded.
The ettin misses you. You furiously retaliate!
You headbutt the ettin! The ettin completely misses you.
You hit the ettin.
You headbutt the ettin, but do no damage.
The ettin is heavily wounded.
The ettin hits you with a dire flail!!! The ettin closely misses you.
You hit the ettin. Your kick misses the ettin. You headbutt the ettin.
The ettin is heavily wounded.
You punch the ettin!
The ettin is severely wounded.
The ettin hits you with a dire flail!!!
You die...

....#.##.. ##
......... .##
.>....... ...#.
#...#... ......
#.....## ......
#......##.....#
#....C.#).....# .
#@..)...... ...
#.)).####.. ....
#.....##
....####...>..##
.......T..#....#
..........#....##
.##....#####...#
#......###.)..#
......#....).<.##


You could see an ettin and a troll.

Vanquished Creatures
  Joseph (D:9)
  A two-headed ogre (D:9)
  17 yaks (D:9)
  2 wyverns (D:9)
  Edmund (D:5)
  A water moccasin (D:6)
  3 orc warriors
  A sky beast (D:7)
  4 ice beasts
  3 ogres
  4 giant frogs
  14 big kobolds (D:8)
  5 scorpions
  4 killer bees (D:9)
  10 wights (D:6)
  3 howler monkeys (D:7)
  4 crimson imps
  4 hounds
  2 quasits
  7 orc priests
  A jelly (D:9)
  A giant frog skeleton (D:4)
  Ijyb (D:2)
  Terence (D:2)
  An iguana (D:9)
  8 orc wizards
  4 worker ants
  A hound skeleton (D:4)
  8 gnolls
  A howler monkey skeleton (D:5)
  10 adders
  2 adder zombies
  A worm (D:2)
  3 dart slugs
  8 giant geckos
  38 orcs
  2 ball pythons
  5 bats
  3 giant cockroaches
  4 goblins
  13 hobgoblins
  4 jackals
  2 quokkas
  A giant gecko skeleton (D:4)
  5 giant newts
  15 kobolds
  11 rats
245 creatures vanquished.

Vanquished Creatures (others)
  An orc wizard (Orc:1)
1 creature vanquished.

Grand Total: 246 creatures vanquished

Notes
Turn   | Place    | Note
--------------------------------------------------------------
     0 | D:1      | sarahorange the Minotaur Monk began the quest for the Orb.
     0 | D:1      | Reached XP level 1. HP: 19/19 MP: 0/0
   210 | D:1      | Reached XP level 2. HP: 27/27 MP: 1/1
   957 | D:1      | Reached XP level 3. HP: 33/33 MP: 2/2
  1032 | D:1      | Found a glowing golden altar of the Shining One.
  1039 | D:1      | Became a worshipper of the Shining One
  1039 | D:1      | Reached * piety under the Shining One
  1039 | D:1      | Reached ** piety under the Shining One
  1270 | D:2      | Reached skill level 5 in Unarmed Combat
  1556 | D:2      | Noticed Terence
  1573 | D:2      | Killed Terence
  1573 | D:2      | Reached XP level 4. HP: 36/40 MP: 3/3
  2044 | D:2      | Noticed Ijyb
  2063 | D:2      | Killed Ijyb
  2259 | D:3      | Reached XP level 5. HP: 37/46 MP: 4/4
  3145 | D:3      | Reached skill level 5 in Dodging
  3608 | D:4      | Found a sacrificial altar of Ru.
  3609 | D:4      | Found a radiant altar of Vehumet.
  3760 | D:4      | Reached XP level 6. HP: 47/55 MP: 5/5
  3769 | D:4      | Noticed an ice beast
  3779 | D:4      | Killed an ice beast
  3779 | D:4      | Reached skill level 5 in Fighting
  4539 | D:5      | Entered Level 5 of the Dungeon
  4564 | D:5      | Found a staircase to the Ecumenical Temple.
  4573 | Temple   | Entered the Ecumenical Temple
  4797 | D:5      | Noticed Edmund
  4834 | D:5      | Killed Edmund
  4834 | D:5      | Reached skill level 1 in Invocations
  4834 | D:5      | Reached XP level 7. HP: 8/61 MP: 4/6
  5934 | D:6      | Reached *** piety under the Shining One
  5982 | D:6      | Reached XP level 8. HP: 31/70 MP: 6/8
  6301 | D:6      | Reached skill level 1 in Armour
  6849 | D:6      | Gained mutation: Your mind is acute. (Int +2) [potion of beneficial mutation]
  7206 | D:7      | Reached XP level 9. HP: 27/79 MP: 9/9
  7211 | D:7      | HP: 2/79 [crimson imp/exploding inner flame[the player character] (16)]
  7239 | D:8      | Found a stormy altar of Qazlal.
  8207 | D:8      | Learned a level 1 spell: Summon Butterflies
  8300 | D:8      | Found an ancient bone altar of Kikubaaqudgha.
  8332 | D:8      | Reached skill level 5 in Armour
  8700 | D:8      | Learned a level 1 spell: Magic Dart
  8754 | D:8      | Found Tithaemo's Antique Armour Shop.
  9031 | D:8      | Gained mutation: You evolve. [potion of beneficial mutation]
  9064 | D:9      | Found a bloodstained altar of Trog.
  9136 | D:9      | Reached XP level 10. HP: 81/91 MP: 11/11
  9658 | D:9      | Reached skill level 10 in Fighting
  9658 | D:9      | Reached skill level 10 in Unarmed Combat
  9693 | D:9      | Gained mutation: You have large cloven feet. [evolution]
  9736 | D:9      | Noticed Joseph
  9754 | D:9      | Killed Joseph
 10238 | D:9      | Reached skill level 10 in Dodging
 11060 | D:9      | Found a staircase to the Orcish Mines.
 11076 | D:9      | Found a roughly hewn altar of Beogh.
 11300 | Orc:1    | Entered Level 1 of the Orcish Mines
 11309 | Orc:1    | Reached XP level 11. HP: 87/101 MP: 13/13
 11466 | Orc:1    | Noticed an ettin
 11480 | Orc:1    | Slain by an ettin

Skill      XL: |  1  2  3  4  5  6  7  8  9 10 |
---------------+-------------------------------+-----
Fighting       | 4 5 6 7 9 10 | 10.8
Unarmed Combat | 5 6 7 9 10 | 10.9
Dodging        | 4 5 6 7 9 10 | 10.2
Stealth        | 2 3 |  3.4
Invocations    | 1 2 3 4 |  4.0
Armour         | 4 5 |  5.8

Action                   |  1- 3 |  4- 6 |  7- 9 | 10-12 || total
-------------------------+-------+-------+-------+-------++-------
Melee: Unarmed           |    87 |   175 |   336 |   203 ||   801
       Headbutt          |    11 |    35 |    56 |    56 ||   158
       Punch             |     3 |     4 |    16 |    14 ||    37
       Kick              |       |       |       |    42 ||    42
Invok: Divine Shield     |       |     4 |     9 |     2 ||    15
Evoke: Wand              |       |       |     2 |     5 ||     7
  Use: Scroll            |     5 |     2 |    11 |     1 ||    19
       Potion            |       |     4 |    10 |       ||    14
 Stab: Sleeping          |     1 |     2 |       |       ||     3
  Eat: Chunk             |     2 |     4 |     2 |     3 ||    11
       Bread ration      |       |     2 |       |       ||     2
       Royal jelly       |       |       |     2 |       ||     2
       Pizza             |       |       |     2 |       ||     2
       Beef jerky        |       |       |     1 |       ||     1
       Fruit             |       |       |     2 |     5 ||     7
Armor: Robe              |    11 |    13 |     7 |       ||    31
       Leather armour    |       |       |    54 |    10 ||    64
Dodge: Dodged            |    64 |    81 |   201 |   106 ||   452
Block: Other             |       |    15 |    28 |     8 ||    51
